 Dungeon Crawl Stone Soup version 0.31-a0-180-g519b7de00c (webtiles) character file.

Game seed: 9929717987039920980

105 rddays123 the Trooper (level 4, 0/41 HPs)
             Began as a Minotaur Fighter on June 20, 2023.
             Succumbed to an orc's poison
             ... on level 3 of the Dungeon.
             The game lasted 00:03:41 (2291 turns).

rddays123 the Trooper (Minotaur Fighter)            Turns: 2291, Time: 00:03:42

Health: 0/41       AC:  7    Str: 22    XL:     4   Next: 53%
Magic:  3/3        EV:  9    Int:  5    God:
Gold:   167        SH:  4    Dex: 10    Spells: 3/3 levels left

rFire   . . .        a - +0 war axe
rCold   . . .        c - +0 buckler
rNeg    . . .        b - +0 scale mail
rPois   .            (helmet restricted)
rElec   .            (no cloak)
rCorr   .            (no gloves)
SInv    .            (no boots)
Will    .....        (no amulet) Stlth
                     (no ring)
HPRegen 0.26/turn    (no ring)
MPRegen 0.08/turn

%: no passive effects
@: lethally poisoned (0 -> -3)
A: horns 2, retaliatory headbutt
a: no special abilities


You were on level 3 of the Dungeon.
You visited 1 branch of the dungeon, and saw 3 of its levels.

You collected 167 gold pieces.

Inventory:

Hand Weapons
 a - a +0 war axe (weapon)
Armour
 b - a +0 scale mail (worn)
 c - a +0 buckler (worn)
 d - a +0 plate armour
Scrolls
 e - a scroll of enchant weapon {unknown}
 f - a scroll of amnesia {unknown}
 g - a scroll of identify
 k - 2 scrolls of teleportation {unknown}
 o - a scroll of poison {unknown}
 q - a scroll of torment {unknown}
Potions
 h - 2 potions of brilliance
 i - 2 potions of enlightenment
 j - a potion of degeneration {unknown}
 l - 2 potions of heal wounds {unknown}
 m - a potion of invisibility {unknown}
 n - a potion of ambrosia {unknown}
 p - a potion of magic {unknown}


   Skills:
 + Level 4.7 Fighting
 + Level 3.8 Axes
 + Level 4.7 Armour
 - Level 3.8 Shields


You had 3 spell levels left.
You didn't know any spells.
Your spell library was empty.

Dungeon Overview and Level Annotations

Branches:
Dungeon (3/15)

Altars:
Nemelex Xobeh
Yredelemnul


Innate Abilities, Weirdness & Mutations

You have a pair of horns on your head.
You reflexively headbutt those who attack you in melee.


Message History

You feel sick.
You feel sick.
You feel sick.
You are no longer poisoned.
The kobold hits you with a +0 club.
You hit the kobold.
You kill the kobold!
The orc throws a boomerang.
The boomerang barely misses you.
You barely miss the orc. Your headbutt misses the orc.
The orc hits you but does no damage.
You closely miss the orc. The orc hits you but does no damage.
You are poisoned.
The orc hits you but does no damage.
You are more poisoned.
You barely miss the orc. Your headbutt misses the orc.
You feel very sick.
The orc hits you with a +2 short sword of venom.
You are more poisoned.
You hit the orc. Your headbutt misses the orc.
The orc is lightly wounded.
You feel very sick. You block the orc's attack.
You slash the orc!
You kill the orc!
You feel very sick. The orc hits you with a +0 hand axe.
The orc attacks as you move away! The orc hits you but does no damage.
You feel sick.
You feel sick.
The orc priest invokes the aid of Beogh against you.
Beogh smites you!
* * * LOW HITPOINT WARNING * * *
The orc attacks as you move away! The orc barely misses you.
* * * LOW HITPOINT WARNING * * *
You feel sick. The orc attacks as you move away! You block the orc's attack.
* * * LOW HITPOINT WARNING * * *
You feel sick. The orc attacks as you move away! The orc barely misses you.
You die...

#.# #.## #..#
#######.########
........o.oo...#
#######.#####..#
#o# ..o. #.#
#... .#######@##
.. ..........# .
.#######..# #..#
#..#####.#
#.......#
#.######.####
#.# #.#.# #.#
##.<##


You could see an orc priest and an orc.

Vanquished Creatures
  4 gnolls
  2 adders
  2 dart slugs
  An orc (D:3)
  4 ball pythons
  8 bats
  An endoplasm (D:1)
  A giant cockroach (D:1)
  A goblin (D:3)
  5 hobgoblins
  4 quokkas
  2 frilled lizards (D:1)
  6 kobolds
  A rat (D:2)
42 creatures vanquished.

Notes
Turn   | Place    | Note
-------+----------+-------------------------------------------
     0 | D:1      | rddays123 the Minotaur Fighter began the quest for the Orb.
     0 | D:1      | Reached XP level 1. HP: 19/19 MP: 0/0
   171 | D:1      | Reached XP level 2. HP: 27/27 MP: 1/1
   966 | D:2      | Reached XP level 3. HP: 18/33 MP: 2/2
  1575 | D:2      | Reached XP level 4. HP: 41/41 MP: 3/3
  2062 | D:3      | Found a basalt altar of Yredelemnul.
  2063 | D:3      | Found a sparkling altar of Nemelex Xobeh.
  2290 | D:3      | HP: 1/41 [poisoned by an orc]
  2291 | D:3      | Succumbed to an orc's poison

Illustrated notes

Levels and vault maps discovered:
D:1:      amcnicky_arrival_blooded_trapdoor, layout_loops_ring,
          hangedman_feature_mirror
D:2:      layout_loops_corners
D:3:      layout_loops_ring, mainiacjoe_overflow_divided_tiny,
          nicolae_wu_jian_immortal_techniques, serial_shops,
          nicolae_shop_behind_doors, serial_bayou_pond_e,
          nicolae_figureground_pulse

Skill      XL: |  1  2 |
---------------+-------+-----
Fighting       | 4 |  4.7
Armour         | 4 |  4.7
Axes           | 3 |  3.8
Shields        | |  3.8

Action                     |  1- 3 |  4- 6 || total
---------------------------+-------+-------++-------
  Melee: War axe           |    71 |    34 ||   105
         Headbutt          |     4 |     3 ||     7
    Use: Scroll            |     2 |       ||     2
         Potion            |     1 |       ||     1
 Armour: Scale mail        |    46 |    16 ||    62
  Dodge: Dodged            |    35 |    24 ||    59
  Block: Buckler           |    12 |     8 ||    20

Table legend: (Time is in decaauts)
 A = Elapsed time spent in this place.
 B = Non-inter-level travel time spent in this place.
 C = Inter-level travel time spent in this place.
 D = Time resting spent in this place.
 E = Time spent auto-exploring this place.
 F = Levels seen in this place.
 G = Mean time per level.
                   A        B        C        D        E       F      G
               +--------+--------+--------+--------+--------+-----+--------+
         Total |   2332 |   2301 |     31 |    292 |   1628 |   3 |  777.3 |
       Dungeon |   2332 |   2301 |     31 |    292 |   1628 |   3 |  777.3 |
               +--------+--------+--------+--------+--------+-----+--------+

Top non-repeatable levels by time:
     D:2: 1108 daAuts
     D:1: 945 daAuts
     D:3: 278 daAuts
